[Event "Ch FRA 2024 Seniors Plus"]
[Site "ALPE D'HUEZ, France"]
[Date "2024.08.17"]
[Round "1.1"]
[White "HASCHER, Nicolas"]
[Black "COLLAS, Didier"]
[Result "0-1"]
[ECO "A57"]
[WhiteElo "1849"]
[BlackElo "2367"]
[PlyCount "78"]
[EventDate "2024.??.??"]
[TimeControl "90/40+30:0"]

1. d4 {7} Nf6 {7} 2. c4 {20} c5 {21} 3. d5 {111} b5 {8} 4. cxb5 {121} a6 {6} 5.
b6 {97} Qxb6 {382} 6. Nc3 {128} g6 {17} 7. g3 {563} d6 {107} 8. Bg2 {190} Bg7 {
8} 9. Nf3 {108} O-O {11} 10. O-O {124} a5 {31} 11. e4 {254} Bg4 {568} 12. h3 {
425} Bxf3 {7} 13. Qxf3 {352} Na6 {353} 14. Qe2 {403} Nd7 {279} 15. Qb5 {390}
Qxb5 {230} 16. Nxb5 {48} Rfb8 {11} 17. a4 {96} Nb6 {8} 18. Bg5 {598} Kf8 {265}
19. e5 {287} Bxe5 {48} 20. Rae1 {74} Nxa4 {407} 21. Rxe5 {163} dxe5 {9} 22. d6
{66} exd6 {114} 23. Nxd6 {115} Nxb2 {208} 24. f4 {16} exf4 {167} 25. Rxf4 {28}
f5 {69} 26. g4 {33} Nd3 {19} 27. Rf3 {295} Ne1 {236} 28. Re3 {59} Nxg2 {12} 29.
Bh6+ {13} Kg8 {11} 30. Re7 {18} Rf8 {88} 31. Kxg2 {176} fxg4 {7} 32. Rg7+ {376}
Kh8 {6} 33. Rd7 {197} gxh3+ {55} 34. Kxh3 {75} Rf3+ {551} 35. Kg4 {35} Rd3 {53}
36. Nf7+ {274} Kg8 {33} 37. Re7 {33} Re8 {350} 38. Ra7 {193} Re4+ {67} 39. Kg5
{40} Rd5+ {25} 0-1

[Event "Ch FRA 2024 Seniors Plus"]
[Site "ALPE D'HUEZ, France"]
[Date "2024.08.17"]
[Round "1.2"]
[White "PRIE, Eric"]
[Black "PETITCOLAS, Pierre"]
[Result "1/2-1/2"]
[ECO "D03"]
[WhiteElo "2329"]
[BlackElo "1843"]
[PlyCount "151"]
[EventDate "2024.??.??"]
[TimeControl "90/40+30:0"]

1. d4 {5} Nf6 {11} 2. Nf3 {9} e6 {11} 3. Bg5 {23} d5 {53} 4. e3 {138} Be7 {84}
5. Nbd2 {53} O-O {30} 6. Bd3 {80} Nbd7 {42} 7. O-O {907} h6 {129} 8. Bh4 {7} b6
{50} 9. a4 {197} a6 {16} 10. c3 {17} Bb7 {21} 11. Qb1 {18} Nh5 {526} 12. Bxe7 {
84} Qxe7 {8} 13. Re1 {254} Nhf6 {524} 14. b4 {774} Rfb8 {1165} 15. h3 {693} c5
{0} 16. Ra2 {191} cxb4 {46} 17. cxb4 {464} Rc8 {20} 18. Rc2 {181} Rxc2 {24} 19.
Bxc2 {10} Rc8 {30} 20. Bd3 {14} Qd6 {319} 21. Rc1 {93} Rxc1+ {112} 22. Qxc1 {8}
Qc6 {8} 23. Qxc6 {258} Bxc6 {8} 24. a5 {8} bxa5 {673} 25. bxa5 {7} Nb8 {135}
26. Ne5 {357} Nfd7 {31} 27. Nxc6 {309} Nxc6 {174} 28. Nb3 {8} Nb4 {29} 29. Be2
{164} Kf8 {87} 30. Kf1 {32} Ke7 {26} 31. Ke1 {12} Nb8 {95} 32. Kd2 {31} N4c6 {
404} 33. Kc3 {69} Kd6 {63} 34. Kb2 {51} Kc7 {150} 35. Ka3 {20} Kb7 {40} 36.
Nc5+ {26} Ka7 {20} 37. Ka4 {11} Ne7 {36} 38. h4 {148} Nec6 {92} 39. h5 {120}
Nd8 {57} 40. Bd3 {221} Nb7 {151} 41. Nxb7 {466} Kxb7 {10} 42. Bh7 {18} Nc6 {82}
43. Bg8 {65} Nd8 {9} 44. g4 {88} Kc6 {19} 45. f4 {72} Kd6 {163} 46. Bh7 {36}
Nc6 {128} 47. Bd3 {65} Nb8 {16} 48. Bf1 {91} Kc6 {168} 49. Be2 {349} Kd7 {129}
50. f5 {306} Kd6 {159} 51. fxe6 {10} Kxe6 {123} 52. Bd3 {37} Kd6 {136} 53. Bf5
{66} Kc7 {394} 54. Kb4 {163} Kd6 {19} 55. Bd3 {64} Nc6+ {32} 56. Ka4 {7} Nb8 {7
} 57. e4 {442} f6 {133} 58. Kb4 {60} Nc6+ {23} 59. Kc3 {12} Nxa5 {30} 60. exd5
{12} Nb7 {191} 61. Bxa6 {20} Nd8 {10} 62. Bc4 {38} Nf7 {72} 63. Kd3 {20} Ke7 {
37} 64. Ke3 {22} Nd6 {75} 65. Bd3 {7} Kf7 {65} 66. Bf5 {96} Ke7 {13} 67. Kd3 {
41} Kd8 {281} 68. Kc3 {21} Kc7 {13} 69. Kb4 {80} Kb6 {91} 70. Bd3 {39} Nb7 {151
} 71. Bb5 {143} Kc7 {125} 72. Ba6 {159} Nd6 {28} 73. Bd3 {70} Kb6 {17} 74. Bf5
{50} Nb7 {85} 75. Bd3 {39} Nd6 {21} 76. Bf5 {6} 1/2-1/2

[Event "Ch FRA 2024 Seniors Plus"]
[Site "ALPE D'HUEZ, France"]
[Date "2024.08.17"]
[Round "1.3"]
[White "MULARD, Nikita"]
[Black "GUADALPI, David"]
[Result "0-1"]
[ECO "A01"]
[WhiteElo "1811"]
[BlackElo "2270"]
[PlyCount "72"]
[EventDate "2024.??.??"]
[TimeControl "90/40+30:0"]

1. b3 {4} d5 {23} 2. Bb2 {5} Bg4 {14} 3. f3 {6} Bf5 {102} 4. e3 {7} Nd7 {46} 5.
g4 {262} Bg6 {7} 6. Nc3 {205} e6 {139} 7. h4 {237} h6 {78} 8. Nge2 {423} Be7 {
50} 9. Nf4 {21} Bxh4+ {48} 10. Ke2 {3} Bf6 {346} 11. Nxg6 {265} fxg6 {64} 12.
d4 {632} Ne7 {105} 13. Qd3 {235} c5 {933} 14. g5 {626} Bxg5 {24} 15. dxc5 {543}
Nf5 {185} 16. Bh3 {773} O-O {275} 17. Rhg1 {309} Ne5 {63} 18. Qb5 {124} Nxf3 {
119} 19. Bxf5 {236} Nxg1+ {16} 20. Rxg1 {30} Rxf5 {36} 21. Qxb7 {53} Qb8 {183}
22. Qxb8+ {370} Rxb8 {6} 23. e4 {114} Rf7 {1148} 24. exd5 {67} exd5 {5} 25.
Nxd5 {74} Re8+ {446} 26. Kd1 {200} Rf2 {13} 27. Bc1 {179} Bxc1 {117} 28. Kxc1 {
7} Ree2 {21} 29. c4 {247} Rxa2 {126} 30. Kb1 {2} Rfb2+ {994} 31. Kc1 {7} Rc2+ {
6} 32. Kb1 {15} Rab2+ {18} 33. Ka1 {3} Rxb3 {6} 34. Rf1 {121} Rxc4 {20} 35.
Ne7+ {42} Kh7 {5} 36. Ka2 {2} Rb7 {14} 0-1

[Event "Ch FRA 2024 Seniors Plus"]
[Site "ALPE D'HUEZ, France"]
[Date "2024.08.17"]
[Round "1.4"]
[White "HEURTEBIZE, Olivier"]
[Black "DUBOIS, Herve"]
[Result "1-0"]
[ECO "A04"]
[WhiteElo "2233"]
[BlackElo "1806"]
[PlyCount "65"]
[EventDate "2024.??.??"]
[TimeControl "90/40+30:0"]

1. Nf3 {2} c5 {33} 2. g3 {14} g6 {7} 3. Bg2 {25} Bg7 {6} 4. O-O {15} Nc6 {21}
5. e3 {40} Nf6 {38} 6. d4 {12} cxd4 {27} 7. exd4 {19} d5 {13} 8. Re1 {260} O-O
{16} 9. c3 {309} Ne4 {269} 10. Ng5 {164} Nxg5 {32} 11. Bxg5 {5} h6 {29} 12. Be3
{97} Re8 {406} 13. Nd2 {404} a6 {743} 14. a4 {412} b6 {69} 15. b4 {457} Bb7 {
427} 16. Nb3 {114} h5 {863} 17. a5 {135} e5 {63} 18. dxe5 {112} Bxe5 {77} 19.
Qd2 {693} bxa5 {414} 20. Nxa5 {180} Nxa5 {118} 21. Rxa5 {15} Bc7 {10} 22. Raa1
{50} Bc6 {720} 23. Bg5 {373} Qd7 {647} 24. Rxe8+ {163} Qxe8 {342} 25. Bxd5 {70}
a5 {328} 26. Bf6 {422} Kh7 {231} 27. b5 {152} Bxb5 {111} 28. Re1 {32} Qf8 {56}
29. Bxa8 {298} Qxa8 {12} 30. Re7 {149} Bc4 {69} 31. Rxc7 {42} Qe4 {6} 32. Rxc4
{36} Qxc4 {7} 33. Qd8 {25} 1-0

[Event "Ch FRA 2024 Seniors Plus"]
[Site "ALPE D'HUEZ, France"]
[Date "2024.08.18"]
[Round "2.1"]
[White "COLLAS, Didier"]
[Black "SUEZ-PANAMA, Gilles"]
[Result "0-1"]
[ECO "A25"]
[WhiteElo "2367"]
[BlackElo "1928"]
[PlyCount "62"]
[EventDate "2024.??.??"]
[TimeControl "90/40+30:0"]

1. c4 {2} e5 {14} 2. Nc3 {7} Nc6 {4} 3. g3 {206} f5 {16} 4. Bg2 {7} Nf6 {7} 5.
a3 {202} a5 {81} 6. e3 {149} g6 {228} 7. d3 {107} Bg7 {21} 8. f4 {9} d6 {292}
9. Nf3 {13} O-O {108} 10. O-O {6} Bd7 {616} 11. Rb1 {421} Re8 {180} 12. b4 {183
} axb4 {39} 13. axb4 {7} exf4 {27} 14. gxf4 {28} Ng4 {17} 15. Nd5 {153} Ne7 {28
} 16. Nxe7+ {639} Rxe7 {123} 17. Re1 {110} Ra2 {48} 18. h3 {111} Ba4 {24} 19.
hxg4 {462} Bxd1 {12} 20. Rxd1 {6} fxg4 {42} 21. Ng5 {140} c6 {65} 22. b5 {12}
h6 {32} 23. bxc6 {7} bxc6 {37} 24. Ne4 {200} Rea7 {444} 25. d4 {215} Rc2 {372}
26. Rd2 {940} Raa2 {34} 27. d5 {782} cxd5 {184} 28. cxd5 {43} Qc7 {132} 29.
Rxc2 {137} Qxc2 {49} 30. Rb8+ {8} Kh7 {52} 31. Bd2 {13} Qd1+ {137} 0-1

[Event "Ch FRA 2024 Seniors Plus"]
[Site "ALPE D'HUEZ, France"]
[Date "2024.08.18"]
[Round "2.2"]
[White "GUADALPI, David"]
[Black "RUMEAU, Jean-Michel"]
[Result "1-0"]
[ECO "A45"]
[WhiteElo "2270"]
[BlackElo "1918"]
[PlyCount "51"]
[EventDate "2024.??.??"]
[TimeControl "90/40+30:0"]

1. d4 {17} Nf6 {14} 2. Bf4 {42} d6 {29} 3. Nc3 {58} g6 {31} 4. e4 {29} Bg7 {9}
5. Qd2 {57} Nc6 {177} 6. O-O-O {319} h6 {24} 7. Nf3 {158} Nh5 {157} 8. Be3 {43}
e5 {39} 9. dxe5 {1169} Nxe5 {105} 10. Nxe5 {51} Bxe5 {50} 11. Be2 {165} Bg7 {
792} 12. Bxh5 {661} gxh5 {49} 13. Nd5 {3} Be6 {86} 14. Bd4 {429} Rg8 {280} 15.
Bxg7 {27} Rxg7 {48} 16. Qxh6 {10} Rg6 {37} 17. Qxh5 {248} Kd7 {725} 18. Nf4 {
185} Bg4 {127} 19. Qb5+ {9} Kc8 {117} 20. Nxg6 {88} fxg6 {165} 21. f3 {96} Bd7
{103} 22. Qd5 {22} a5 {91} 23. h4 {10} Kb8 {76} 24. e5 {39} Bc6 {228} 25. Qf7 {
42} Be8 {165} 26. Qf6 {47} 1-0

[Event "Ch FRA 2024 Seniors Plus"]
[Site "ALPE D'HUEZ, France"]
[Date "2024.08.18"]
[Round "2.3"]
[White "CALIN, Miguel"]
[Black "HEURTEBIZE, Olivier"]
[Result "0-1"]
[ECO "D02"]
[WhiteElo "1932"]
[BlackElo "2233"]
[PlyCount "152"]
[EventDate "2024.??.??"]
[TimeControl "90/40+30:0"]

1. d4 {6} d5 {13} 2. Nf3 {26} e6 {49} 3. e3 {113} Nd7 {177} 4. b3 {651} Bd6 {
289} 5. Bb2 {254} f5 {233} 6. Bd3 {821} Qf6 {415} 7. Nc3 {359} c6 {23} 8. Ne2 {
34} Nh6 {138} 9. Qd2 {577} a5 {229} 10. a3 {191} O-O {17} 11. Qc3 {393} Nf7 {
231} 12. Qd2 {185} e5 {479} 13. dxe5 {62} Ndxe5 {107} 14. Nxe5 {88} Nxe5 {14}
15. Rb1 {39} Qe7 {26} 16. a4 {125} Nxd3+ {234} 17. Qxd3 {343} f4 {14} 18. Nd4 {
68} fxe3 {163} 19. Qxe3 {42} Qxe3+ {28} 20. fxe3 {6} Bg4 {12} 21. g3 {234} Rae8
{21} 22. Rf1 {176} Rxf1+ {228} 23. Kxf1 {1} Rxe3 {11} 24. Kf2 {13} Re8 {40} 25.
Re1 {415} Rxe1 {61} 26. Kxe1 {2} Bb4+ {48} 27. c3 {80} Bd6 {105} 28. Bc1 {68}
Kf7 {47} 29. Be3 {272} Bd7 {59} 30. Bg5 {109} c5 {195} 31. Ne2 {291} Bc7 {114}
32. Kd2 {65} c4 {66} 33. Kc2 {21} h6 {338} 34. Be3 {16} g5 {39} 35. Nd4 {80}
Kf6 {76} 36. Bf2 {146} Ke5 {119} 37. g4 {47} Ke4 {58} 38. h3 {21} Be5 {199} 39.
Kb2 {65} Kd3 {34} 40. Bg1 {74} Be8 {443} 41. Bf2 {47} h5 {52} 42. gxh5 {470}
Bxh5 {11} 43. Nb5 {59} Bd1 {379} 44. bxc4 {225} Kxc4 {400} 45. Bd4 {637} Bf4 {8
} 46. Bf6 {323} Bxa4 {192} 47. Nd4 {6} Bd7 {385} 48. Nf3 {6} Bxh3 {12} 49. Nxg5
{5} Bd7 {419} 50. Nf7 {41} Bc6 {106} 51. Ne5+ {132} Kb5 {14} 52. Nd3 {24} Bd6 {
17} 53. Ne5 {53} Ka6 {40} 54. Nf3 {34} Bb5 {28} 55. Nd2 {42} Bc4 {92} 56. Nb1 {
92} Kb5 {28} 57. Na3+ {45} Kc6 {7} 58. Nc2 {19} Kd7 {21} 59. Bd4 {12} Kc6 {76}
60. Ne3 {17} Bc5 {25} 61. Nxc4 {33} dxc4 {8} 62. Bf6 {18} Kb5 {147} 63. Bd8 {8}
Ka4 {10} 64. Bc7 {14} b5 {7} 65. Bd8 {59} b4 {8} 66. Bf6 {67} Kb5 {15} 67. Be5
{40} Be7 {35} 68. Bd4 {30} Kc6 {25} 69. Kc2 {41} Kd5 {18} 70. Bb6 {16} b3+ {7}
71. Kb2 {18} a4 {6} 72. Bd4 {36} Ke4 {16} 73. Bg7 {73} Kd3 {13} 74. Be5 {6} a3+
{55} 75. Kb1 {7} a2+ {25} 76. Kb2 {14} Ba3+ {0} 0-1

[Event "Ch FRA 2024 Seniors Plus"]
[Site "ALPE D'HUEZ, France"]
[Date "2024.08.18"]
[Round "2.4"]
[White "QUILLIEN (Sep), Emmanuel"]
[Black "CLARET (Sep), Franck"]
[Result "1-0"]
[ECO "A45"]
[WhiteElo "2127"]
[BlackElo "1906"]
[PlyCount "103"]
[EventDate "2024.??.??"]
[TimeControl "90/40+30:0"]

1. d4 {116} Nf6 {9} 2. c3 {40} g6 {40} 3. Bf4 {8} Bg7 {21} 4. e3 {7} d6 {49} 5.
h3 {8} Nbd7 {94} 6. Nf3 {18} O-O {41} 7. Be2 {9} Re8 {158} 8. O-O {62} c6 {252}
9. Bh2 {19} Qc7 {307} 10. c4 {17} e5 {281} 11. Nc3 {9} h6 {251} 12. c5 {473}
Nd5 {641} 13. cxd6 {513} Nxc3 {304} 14. dxc7 {57} Nxd1 {14} 15. Rfxd1 {16} exd4
{367} 16. Nxd4 {9} Be5 {361} 17. Rd2 {395} Bxh2+ {201} 18. Kxh2 {6} Nc5 {250}
19. Bf3 {96} Ne6 {591} 20. Nxc6 {693} bxc6 {402} 21. Bxc6 {13} Nxc7 {19} 22.
Bxe8 {428} Nxe8 {10} 23. Rd8 {19} Kf8 {259} 24. Rad1 {172} Bb7 {167} 25. Rxa8 {
22} Bxa8 {3} 26. Rd7 {9} a5 {270} 27. Ra7 {9} Bc6 {42} 28. Rxa5 {15} Ke7 {24}
29. f3 {124} Nd6 {45} 30. Kg3 {102} Ke6 {86} 31. Kf2 {57} f5 {25} 32. b3 {29}
Nb7 {71} 33. Ra6 {50} Kd5 {27} 34. Ke1 {17} g5 {31} 35. Kd2 {13} h5 {103} 36.
Kc3 {94} g4 {43} 37. hxg4 {411} hxg4 {59} 38. e4+ {65} fxe4 {36} 39. fxg4 {99}
Bb5 {213} 40. Rb6 {80} Nd6 {63} 41. Kd2 {79} Bf1 {120} 42. g3 {98} Bh3 {64} 43.
g5 {310} Nf5 {86} 44. g6 {47} e3+ {294} 45. Ke1 {7} Ke4 {132} 46. a4 {1106} Kd3
{454} 47. a5 {156} e2 {566} 48. Rf6 {83} Nd4 {271} 49. Rd6 {59} Ke3 {49} 50.
Rxd4 {18} Kxd4 {10} 51. g7 {75} Be6 {34} 52. a6 {6} 1-0

[Event "Ch FRA 2024 Seniors Plus"]
[Site "ALPE D'HUEZ, France"]
[Date "2024.08.19"]
[Round "3.1"]
[White "KIBLEUR, Christophe"]
[Black "GUADALPI, David"]
[Result "1/2-1/2"]
[ECO "A00"]
[WhiteElo "1946"]
[BlackElo "2270"]
[PlyCount "60"]
[EventDate "2024.??.??"]
[TimeControl "90/40+30:0"]

1. Nc3 {2} g6 {141} 2. h4 {163} h5 {189} 3. e4 {134} Bg7 {76} 4. d4 {154} d6 {
16} 5. Bc4 {70} c6 {277} 6. a4 {322} Nf6 {219} 7. Bb3 {197} a5 {155} 8. Nh3 {
219} Bxh3 {466} 9. Rxh3 {127} Nbd7 {32} 10. Bg5 {278} Qc7 {71} 11. Qe2 {110} e5
{545} 12. dxe5 {280} dxe5 {183} 13. Rf3 {229} O-O {260} 14. O-O-O {220} b5 {141
} 15. axb5 {206} a4 {73} 16. Bxa4 {524} Nb6 {757} 17. Bxf6 {422} Nxa4 {78} 18.
Bxg7 {168} Kxg7 {23} 19. Qc4 {454} Nxc3 {591} 20. Qxc3 {83} Ra1+ {461} 21. Kd2
{11} Qd7+ {161} 22. Rd3 {79} Rxd1+ {8} 23. Kxd1 {10} Qg4+ {4} 24. f3 {67} Qxg2
{111} 25. Qxe5+ {95} Kh7 {5} 26. Qc5 {139} Ra8 {33} 27. Ra3 {154} Rd8+ {7} 28.
Rd3 {122} Ra8 {62} 29. Ra3 {89} Rd8+ {76} 30. Rd3 {11} Ra8 {4} 1/2-1/2

[Event "Ch FRA 2024 Seniors Plus"]
[Site "ALPE D'HUEZ, France"]
[Date "2024.08.19"]
[Round "3.2"]
[White "HEURTEBIZE, Olivier"]
[Black "ORIOT, Patrice"]
[Result "1/2-1/2"]
[ECO "D37"]
[WhiteElo "2233"]
[BlackElo "1947"]
[PlyCount "69"]
[EventDate "2024.??.??"]
[TimeControl "90/40+30:0"]

1. d4 {2} d5 {18} 2. Nf3 {8} Nf6 {20} 3. c4 {7} e6 {9} 4. Nc3 {19} a6 {32} 5.
e3 {19} dxc4 {319} 6. a4 {34} c5 {255} 7. Bxc4 {99} cxd4 {97} 8. exd4 {182} Qc7
{87} 9. Qe2 {95} Be7 {51} 10. O-O {101} O-O {13} 11. Rd1 {66} Nc6 {403} 12. Bg5
{347} Nb4 {492} 13. Rac1 {588} Qa5 {814} 14. Qe5 {371} Nc6 {331} 15. Qxa5 {202}
Nxa5 {5} 16. Ba2 {5} h6 {601} 17. Bxf6 {506} Bxf6 {51} 18. Ne4 {41} Be7 {697}
19. Ne5 {250} Nc6 {564} 20. Nxc6 {224} bxc6 {2} 21. Rxc6 {10} Bb7 {90} 22. Rc7
{5} Bxe4 {5} 23. Rxe7 {2} Rab8 {29} 24. Bc4 {367} Rxb2 {155} 25. Bxa6 {734} Ra8
{32} 26. Bb5 {30} Bc2 {21} 27. Rc1 {208} Bxa4 {102} 28. Bxa4 {10} Rxa4 {2} 29.
g3 {10} Rb8 {186} 30. Rcc7 {10} Rf8 {11} 31. Rcd7 {34} Ra5 {81} 32. h4 {34} h5
{58} 33. Kg2 {13} g6 {51} 34. Kf3 {21} Rf5+ {157} 35. Ke3 {63} 1/2-1/2

[Event "Ch FRA 2024 Seniors Plus"]
[Site "ALPE D'HUEZ, France"]
[Date "2024.08.19"]
[Round "3.3"]
[White "SUEZ-PANAMA, Gilles"]
[Black "QUILLIEN, Emmanuel"]
[Result "0-1"]
[ECO "E14"]
[WhiteElo "1928"]
[BlackElo "2127"]
[PlyCount "78"]
[EventDate "2024.??.??"]
[TimeControl "90/40+30:0"]

1. Nf3 {4} c5 {56} 2. b3 {15} b6 {110} 3. Bb2 {19} Bb7 {9} 4. e3 {11} Nf6 {65}
5. d4 {116} e6 {27} 6. Bd3 {77} Be7 {21} 7. Nbd2 {22} O-O {26} 8. O-O {12} d6 {
82} 9. c4 {98} Nbd7 {99} 10. Qe2 {285} Qc7 {23} 11. Rad1 {434} Rac8 {28} 12.
Bb1 {43} Rfe8 {52} 13. e4 {484} cxd4 {10} 14. Nxd4 {23} Bf8 {56} 15. Nb5 {487}
Qb8 {7} 16. f4 {26} a6 {123} 17. e5 {763} axb5 {92} 18. exf6 {151} Nxf6 {35}
19. Bxf6 {284} gxf6 {6} 20. Qh5 {704} h6 {156} 21. Be4 {374} Bg7 {574} 22. Rf3
{310} f5 {198} 23. Rg3 {164} Kf8 {38} 24. Bxb7 {100} Qxb7 {8} 25. cxb5 {52} Qc7
{295} 26. Nc4 {61} d5 {79} 27. Ne5 {37} Bxe5 {21} 28. Qxh6+ {134} Ke7 {5} 29.
fxe5 {16} Qxe5 {26} 30. Qh4+ {18} Qf6 {190} 31. Qb4+ {15} Rc5 {9} 32. Qa3 {257}
Qe5 {125} 33. Qb4 {423} Rec8 {71} 34. a4 {69} Kd7 {119} 35. a5 {183} Qe2 {386}
36. Rgd3 {96} Rc1 {324} 37. Qd4 {52} R8c2 {96} 38. R3d2 {108} Rxd1+ {8} 39.
Rxd1 {16} Qxg2# {7} 0-1

[Event "Ch FRA 2024 Seniors Plus"]
[Site "ALPE D'HUEZ, France"]
[Date "2024.08.19"]
[Round "3.4"]
[White "LAUFERON, Patrick"]
[Black "CAFFENNE, Philippe"]
[Result "1-0"]
[ECO "A41"]
[WhiteElo "2063"]
[BlackElo "1942"]
[PlyCount "106"]
[EventDate "2024.??.??"]
[TimeControl "90/40+30:0"]

1. d4 {3} g6 {598} 2. c4 {35} Bg7 {2} 3. e4 {106} d6 {14} 4. Nf3 {283} Bg4 {255
} 5. Be2 {17} Nc6 {182} 6. Be3 {175} Bxf3 {77} 7. Bxf3 {86} e5 {7} 8. d5 {43}
Nd4 {16} 9. Nc3 {31} f5 {98} 10. O-O {176} Nxf3+ {1104} 11. Qxf3 {14} f4 {301}
12. Bd2 {186} Nf6 {9} 13. g3 {199} Qd7 {178} 14. gxf4 {358} exf4 {101} 15. e5 {
965} dxe5 {53} 16. Rfe1 {11} Nh5 {805} 17. Ne4 {61} Qf5 {250} 18. Nc5 {198} O-O
{166} 19. Ne6 {164} Rf7 {19} 20. Bc3 {43} Bf6 {120} 21. Rad1 {406} Ng7 {24} 22.
Nc5 {159} Re8 {186} 23. Ne4 {59} g5 {112} 24. d6 {123} g4 {117} 25. Nxf6+ {26}
Rxf6 {134} 26. Qd5+ {72} Qe6 {143} 27. d7 {24} Rd8 {22} 28. Qxe5 {412} Qxe5 {
194} 29. Bxe5 {672} Re6 {32} 30. Bxc7 {360} Rxe1+ {12} 31. Rxe1 {9} Rxd7 {6}
32. Bxf4 {11} Rd4 {40} 33. Be5 {44} Rxc4 {35} 34. Bxg7 {14} Kxg7 {7} 35. Re7+ {
6} Kg6 {15} 36. Rxb7 {6} Ra4 {299} 37. a3 {22} h5 {16} 38. Rb5 {33} Rd4 {378}
39. Ra5 {52} Rd7 {45} 40. b4 {50} h4 {37} 41. Kg2 {21} Kf6 {135} 42. h3 {555}
gxh3+ {235} 43. Kxh3 {11} Rd3+ {144} 44. Kxh4 {30} Rf3 {37} 45. Rxa7 {15} Rxf2
{21} 46. Kg3 {360} Rf1 {198} 47. b5 {166} Ke6 {23} 48. a4 {92} Kd6 {20} 49. a5
{26} Rb1 {445} 50. Rb7 {29} Kc5 {46} 51. a6 {21} Rb4 {50} 52. a7 {22} Ra4 {10}
53. b6 {10} Kd5 {147} 1-0

[Event "Ch FRA 2024 Seniors Plus"]
[Site "ALPE D'HUEZ, France"]
[Date "2024.08.20"]
[Round "4.1"]
[White "COSTE, Thierry"]
[Black "LAUFERON, Patrick"]
[Result "1/2-1/2"]
[ECO "C02"]
[WhiteElo "2002"]
[BlackElo "2063"]
[PlyCount "34"]
[EventDate "2024.??.??"]
[TimeControl "90/40+30:0"]

1. e4 {3} e6 {18} 2. d4 {8} d5 {11} 3. e5 {19} c5 {35} 4. c3 {12} Nc6 {50} 5.
Nf3 {20} f6 {130} 6. Be2 {489} Bd7 {547} 7. O-O {59} cxd4 {81} 8. cxd4 {41}
fxe5 {7} 9. dxe5 {140} Nge7 {32} 10. Re1 {174} g6 {266} 11. a3 {420} Bg7 {57}
12. Bd3 {17} O-O {43} 13. Nbd2 {260} Nf5 {372} 14. b4 {109} a6 {28} 15. Rb1 {
188} b5 {331} 16. Bb2 {136} Rf7 {226} 17. Qe2 {285} Nb8 {425} 1/2-1/2

[Event "Ch FRA 2024 Seniors Plus"]
[Site "ALPE D'HUEZ, France"]
[Date "2024.08.20"]
[Round "4.2"]
[White "GUADALPI, David"]
[Black "HADAMARD, Olivier"]
[Result "0-1"]
[ECO "B19"]
[WhiteElo "2270"]
[BlackElo "1863"]
[PlyCount "104"]
[EventDate "2024.??.??"]
[TimeControl "90/40+30:0"]

1. e4 {13} c6 {10} 2. d4 {36} d5 {6} 3. Nc3 {42} dxe4 {27} 4. Nxe4 {6} Bf5 {20}
5. Ng3 {6} Bg6 {7} 6. h4 {6} h6 {11} 7. Nf3 {38} Nd7 {11} 8. Bd3 {18} Bxd3 {11}
9. Qxd3 {4} e6 {20} 10. Bf4 {45} Qa5+ {26} 11. c3 {13} Ngf6 {54} 12. O-O {7}
Nd5 {228} 13. Bd2 {109} Qc7 {8} 14. c4 {322} N5f6 {102} 15. d5 {2051} cxd5 {131
} 16. cxd5 {73} Nxd5 {99} 17. Rac1 {29} Qd8 {329} 18. Nf5 {489} N7f6 {397} 19.
Rfe1 {62} g6 {1253} 20. N5d4 {26} Ne7 {714} 21. Qb5+ {0} Qd7 {56} 22. Qxd7+ {
844} Nxd7 {45} 23. Rc7 {148} Rb8 {98} 24. Rec1 {923} e5 {881} 25. Nb5 {0} Nc6 {
16} 26. Be3 {62} a6 {148} 27. Na7 {30} Ne7 {506} 28. Rd1 {33} Nf6 {665} 29.
Nxe5 {4} Nfd5 {192} 30. Rxe7+ {39} Nxe7 {52} 31. Nd7 {5} Nf5 {191} 32. Nxb8 {60
} Nxe3 {6} 33. fxe3 {8} Bc5 {20} 34. Nc8 {160} O-O {10} 35. Nd7 {77} Bxe3+ {29}
36. Kf1 {3} Rxc8 {15} 37. Nf6+ {51} Kg7 {50} 38. Ng4 {39} Bf4 {78} 39. Rd4 {16}
Bg3 {46} 40. Ne3 {34} Re8 {250} 41. Ke2 {163} Bb8 {81} 42. Rd3 {671} Ba7 {67}
43. b4 {34} f5 {42} 44. g3 {37} Re6 {106} 45. Kf3 {34} Bxe3 {19} 46. Rxe3 {14}
Rxe3+ {140} 47. Kxe3 {5} Kf6 {3} 48. Kd4 {138} g5 {9} 49. h5 {6} g4 {25} 50. a4
{41} b6 {55} 51. a5 {13} b5 {71} 52. Kd5 {76} f4 {36} 0-1

[Event "Ch FRA 2024 Seniors Plus"]
[Site "ALPE D'HUEZ, France"]
[Date "2024.08.20"]
[Round "4.3"]
[White "ORIOT, Patrice"]
[Black "PRIE, Eric"]
[Result "0-1"]
[ECO "B01"]
[WhiteElo "1947"]
[BlackElo "2329"]
[PlyCount "98"]
[EventDate "2024.??.??"]
[TimeControl "90/40+30:0"]

1. e4 {4} d5 {18} 2. exd5 {19} Qxd5 {9} 3. Nf3 {83} Bg4 {9} 4. Nc3 {43} Qe6+ {
55} 5. Qe2 {43} Qxe2+ {75} 6. Bxe2 {9} Nc6 {115} 7. h3 {150} Bf5 {63} 8. g4 {
288} Bg6 {318} 9. Bb5 {52} e6 {6} 10. Ne5 {110} Nge7 {54} 11. Bxc6+ {57} Nxc6 {
153} 12. Nxc6 {8} bxc6 {7} 13. d3 {5} h5 {530} 14. g5 {288} h4 {64} 15. Be3 {
110} Bh5 {343} 16. f4 {378} f6 {1640} 17. gxf6 {1127} gxf6 {20} 18. Rg1 {131}
Kf7 {239} 19. Ne4 {345} Be7 {80} 20. Kd2 {690} Bg6 {95} 21. Raf1 {111} Bf5 {44}
22. Nf2 {2} Rag8 {802} 23. Ng4 {818} a6 {308} 24. Ke2 {164} Rg6 {54} 25. Kf3 {
195} Bd6 {98} 26. Rg2 {357} Rhg8 {733} 27. Rfg1 {184} Rh8 {86} 28. Rf1 {12} e5
{21} 29. Rfg1 {222} exf4 {99} 30. Bxf4 {1} Rh5 {37} 31. Bxd6 {120} cxd6 {8} 32.
Re1 {78} Be6 {53} 33. Rge2 {39} Rf5+ {76} 34. Kg2 {91} Re5 {6} 35. Kf3 {8} Rxe2
{30} 36. Rxe2 {17} f5 {18} 37. Nf2 {21} Bxa2 {84} 38. b3 {79} Rg1 {7} 39. Kf4 {
83} Bb1 {55} 40. b4 {50} Rc1 {35} 41. c4 {18} Kf6 {61} 42. Rb2 {488} Rc2 {61}
43. Rxc2 {55} Bxc2 {14} 44. d4 {26} Bb3 {87} 45. c5 {395} dxc5 {39} 46. dxc5 {
10} Bc4 {13} 47. Nd1 {46} Bf1 {19} 48. Nf2 {297} Bg2 {59} 49. Ke3 {6} Ke5 {
Kd4+ 112} 0-1

[Event "Ch FRA 2024 Seniors Plus"]
[Site "ALPE D'HUEZ, France"]
[Date "2024.08.20"]
[Round "4.4"]
[White "CHAUDAGNE, Christophe"]
[Black "HEURTEBIZE, Olivier"]
[Result "1/2-1/2"]
[ECO "A46"]
[WhiteElo "2030"]
[BlackElo "2233"]
[PlyCount "38"]
[EventDate "2024.??.??"]
[TimeControl "90/40+30:0"]

1. d4 {104} Nf6 {39} 2. Nf3 {6} e6 {18} 3. e3 {23} c5 {149} 4. Bd3 {52} a6 {49}
5. c4 {408} b6 {427} 6. O-O {143} Bb7 {167} 7. Nc3 {176} d6 {311} 8. b3 {95}
Nbd7 {447} 9. Bb2 {42} Be7 {19} 10. Qe2 {72} O-O {23} 11. Rfd1 {160} Re8 {80}
12. Rac1 {134} Bf8 {187} 13. Bb1 {117} Qc7 {256} 14. Ng5 {471} g6 {351} 15.
Nge4 {103} Nxe4 {103} 16. Bxe4 {70} Bg7 {1020} 17. Bxb7 {550} Qxb7 {1} 18. dxc5
{77} dxc5 {12} 19. Rd2 {151} Nf6 {405} 1/2-1/2